 Dungeon Crawl Stone Soup version 0.30-a0-1050-g2766ea1e55 (webtiles) character file.

Game seed: 260593295304639802

177 Dirtsage the Chopper (level 5, -2/41 HPs)
             Began as a Demonspawn Fighter on Apr 10, 2023.
             Slain by a gnoll
             ... wielding a +0 flail
             ... led by a gnoll bouda
              (7 damage)
             ... on level 4 of the Dungeon.
             The game lasted 00:04:07 (2673 turns).

Dirtsage the Chopper (Demonspawn Fighter)           Turns: 2673, Time: 00:04:07

Health: -2/41      AC:  8    Str: 18    XL:     5   Next: 31%
Magic:  5/5        EV: 10    Int:  9    God:
Gold:   199        SH:  4    Dex: 13    Spells: 4/4 levels left

rFire   . . .      SeeInvis .    a - +0 war axe
rCold   . . .      Faith    .    c - +0 buckler
rNeg    . . .      Spirit   .    r - +0 ring mail of Vampiric Thralls {Regen+ Stlth+}
rPois   .          Reflect  .    k - +0 helmet
rElec   .          Rampage  .    (no cloak)
rCorr   .                        m - +0 pair of gloves
Will    +....                    (no boots)
Stlth   ++                       (no amulet)
HPRegen 1.06/turn                o - ring of willpower
MPRegen 0.09/turn                (no ring)

@: brilliant
A: hooves 1, sharp scales 1
a: no special abilities


You were on level 4 of the Dungeon.
You visited 1 branch of the dungeon, and saw 4 of its levels.

You collected 199 gold pieces.

Inventory:

Hand Weapons
 a - a +0 war axe (weapon)
Armour
 b - a +0 scale mail
 c - a +0 buckler (worn)
 k - a +0 helmet (worn)
 m - a +0 pair of gloves (worn)
 r - the +0 ring mail of Vampiric Thralls (worn) {Regen+ Stlth+}
   (You found it on level 4 of the Dungeon)

   Regen:     It increases your rate of health regeneration.
   Stlth:     It makes you more stealthy.
Jewellery
 o - a ring of willpower (left hand)
Scrolls
 e - a scroll of torment {unknown}
 i - 2 scrolls of identify {unknown}
 n - a scroll of teleportation {unknown}
 q - a scroll of enchant weapon {unknown}
Potions
 d - a potion of might
 f - 2 potions of brilliance
 g - a potion of lignification {unknown}
 h - 2 potions of curing {unknown}
 j - a potion of cancellation {unknown}
 l - a potion of heal wounds {unknown}
 p - a potion of degeneration {unknown}


   Skills:
 - Level 3.0 Fighting
 + Level 5.1 Axes
 - Level 2.6 Armour
 - Level 2.6 Shields


You had 4 spell levels left.
You didn't know any spells.
Your spell library contained the following spells:

 Spells                   Type           Power      Damage    Failure   Level
 Animate Dead             Necr           0%         N/A       100%        4
 Leda's Liquefaction      Hex/Erth       0%         N/A       100%        4
 Lee's Rapid Deconstruct  Erth           0%         3d4*      100%        5
 Statue Form              Tmut/Erth      0%         N/A       100%        6
 Haunt                    Necr/Summ      0%         N/A       100%        7
 Infestation              Necr           0%         N/A       100%        8


Dungeon Overview and Level Annotations

Branches:
Dungeon (4/15)
 Temple: D:4-7

Altars:
Ashenzari
Ru
Trog

Shops:
D:4 (


Innate Abilities, Weirdness & Mutations

You have large cloven feet.
You are partially covered in razor-sharp scales. (AC +1, Slay +1)


Message History

Things that are here:
a +0 club; a +2 robe of willpower; a gnoll corpse You closely miss the gnoll.
You kick the gnoll.
The gnoll is severely wounded.
The gnoll barely misses you. The gnoll hits you with a +0 halberd!
You take 7 damage, and have 25/41 hp.
You barely miss the gnoll. Your kick misses the gnoll.
The gnoll is severely wounded.
The gnoll barely misses you.
You barely miss the gnoll.
The gnoll is severely wounded.
The gnoll hits you with a +0 halberd!
You take 6 damage, and have 20/41 hp.
You hit the gnoll but do no damage. You kick the gnoll, but do no damage.
The gnoll is severely wounded.
The gnoll hits you with a +0 halberd!
You take 5 damage, and have 15/41 hp.
You barely miss the gnoll.
The gnoll is severely wounded.
You block the gnoll's attack. The gnoll hits you with a +0 halberd!
* * * LOW HITPOINT WARNING * * *
You take 10 damage, and have 5/41 hp.
MASSIVE DAMAGE!!
You barely miss the gnoll.
The gnoll is severely wounded.
The gnoll barely misses you.
You hit the gnoll but do no damage. Your kick misses the gnoll.
The gnoll is severely wounded.
The gnoll hits you with a +0 halberd.
* * * LOW HITPOINT WARNING * * *
You hit the gnoll.
You kill the gnoll!
Your attacks no longer feel as feeble.
You block the gnoll's attack.
You barely miss the gnoll. The gnoll hits you with a +0 flail.
* * * LOW HITPOINT WARNING * * *
You take 3 damage, and have 4/41 hp.
It was a potion of brilliance.
You feel clever all of a sudden. The gnoll hits you with a +0 flail!
You die...

#.###.........#
#........#####.#
#####.#### ##(##
##>..## ##.....##
#.......## .##
#.......))####....#
+.........'@g......
#.(.......####.....
##.......## ###
##.....## ##...##
##'# #. #


You could see a gnoll.

Vanquished Creatures
  A gnoll bouda (D:4)
  A hound (D:4)
  3 gnolls (D:4)
  2 adders (D:4)
  A worm (D:3)
  A dart slug (D:1)
  3 orcs
  4 ball pythons
  2 endoplasms
  2 giant cockroaches
  3 goblins
  6 hobgoblins
  2 jackals (D:3)
  2 quokkas
  10 bats
  3 frilled lizards (D:2)
  12 kobolds
  9 rats
67 creatures vanquished.

Vanquished Creatures (others)
  13 plants (D:2)
13 creatures vanquished.

Grand Total: 80 creatures vanquished

Notes
Turn   | Place    | Note
-------+----------+-------------------------------------------
     0 | D:1      | Dirtsage the Demonspawn Fighter began the quest for the
                  | Orb.
     0 | D:1      | Reached XP level 1. HP: 18/18 MP: 1/1
     8 | D:1      | Reached skill level 2 in Axes
    84 | D:1      | Gained mutation: You have large cloven feet. [demonic
                  | ancestry]
    84 | D:1      | Reached XP level 2. HP: 19/24 MP: 2/2
   728 | D:1      | Reached skill level 3 in Axes
   917 | D:2      | Found a broken altar of Ashenzari.
  1025 | D:2      | Reached XP level 3. HP: 29/29 MP: 3/3
  2158 | D:3      | Noticed a moth of wrath
  2177 | D:3      | Found a bloodstained altar of Trog.
  2185 | D:3      | Gained mutation: You are partially covered in razor-sharp
                  | scales. (AC +1, Slay +1) [demonic ancestry]
  2185 | D:3      | Reached XP level 4. HP: 35/35 MP: 4/4
  2392 | D:3      | You fall into a shaft and drop 1 floor!
  2398 | D:4      | Reached skill level 4 in Axes
  2418 | D:4      | Found Nimpod's Weapon Shop.
  2465 | D:4      | Identified the +0 ring mail of Vampiric Thralls {Regen+
                  | Stlth+}
  2541 | D:4      | Found a sacrificial altar of Ru.
  2648 | D:4      | Reached XP level 5. HP: 41/41 MP: 5/5
  2663 | D:4      | Reached skill level 5 in Axes
  2673 | D:4      | Slain by a gnoll

Illustrated notes

Levels and vault maps discovered:
D:1:      spicycebolla_arrival_ecumenical, layout_basic
D:2:      layout_loops_ring, basic_altar, lexackson_kobold_supper
D:3:      layout_loops_ring, tgw_trog
D:4:      minmay_chambers_of_threes, layout_loops_corners,
          mainiacjoe_overflow_surrounded_room, serial_shops,
          nicolae_shop_hallway_stairs

Skill      XL: |  1  2  3  4  5 |
---------------+----------------+-----
Axes           | 2 3 4 5 |  5.1
Fighting       | |  3.0
Armour         | |  2.6
Shields        | |  2.6

Action                     |  1- 3 |  4- 6 || total
---------------------------+-------+-------++-------
  Melee: War axe           |   144 |    38 ||   182
         Kick              |    30 |    11 ||    41
    Use: Potion            |       |     1 ||     1
   Stab: Sleeping          |       |     1 ||     1
 Armour: Scale mail        |    67 |     4 ||    71
         Ring mail         |       |     5 ||     5
  Dodge: Dodged            |    58 |    16 ||    74
  Block: Buckler           |    35 |     7 ||    42

Table legend: (Time is in decaauts)
 A = Elapsed time spent in this place.
 B = Non-inter-level travel time spent in this place.
 C = Inter-level travel time spent in this place.
 D = Time resting spent in this place.
 E = Time spent auto-exploring this place.
 F = Levels seen in this place.
 G = Mean time per level.
                   A        B        C        D        E       F      G
               +--------+--------+--------+--------+--------+-----+--------+
         Total |   2738 |   2648 |     90 |    119 |   1966 |   4 |  684.5 |
       Dungeon |   2738 |   2648 |     90 |    119 |   1966 |   4 |  684.5 |
               +--------+--------+--------+--------+--------+-----+--------+

Top non-repeatable levels by time:
     D:1: 879 daAuts
     D:3: 812 daAuts
     D:2: 756 daAuts
     D:4: 291 daAuts
